 Dungeon Crawl Stone Soup version 0.18-a0-1468-gaf180a1 (webtiles) character file.

128552 4thArraOfDagon the Demonic Cataclysm (level 16, -6/123 HPs)
             Began as a Demonspawn Arcane Marksman on Mar 1, 2016.
             Was a High Priest of Qazlal.
             Mangled by a deep elf blademaster
             ... wielding a +0 rapier
              (13 damage)
             ... while paralysed
             ... on level 3 of the Elven Halls.
             The game lasted 01:19:18 (13097 turns).

4thArraOfDagon the Demonic Cataclysm (DsAM)        Turns: 13097, Time: 01:19:19

Health: -6/123     AC: 31    Str: 25    XL:     16   Next: 18%
Magic:  0/27       EV:  2    Int: 18    God:    Qazlal [*****.]
Gold:   33         SH:  0    Dex: 20    Spells: 6 memorised, 9 levels left

rFire  . . .     SeeInvis .     U - +9 eveningstar (flame)
rCold  + + .     Gourm    .     k - +1 ice dragon armour
rNeg   + . .     Faith    .     (no shield)
rPois  +         Spirit   +     L - +3 hat of Pondering {ponderous, MR+ MP+10 Int+5}
rElec  +         Dismiss  .     Y - +0 cloak
rCorr  +         Reflect  +     d - +0 pair of gloves
SustAt .         Harm     .     (boots unavailable)
MR     ++...                    n - +5 amulet of reflection
Stlth  ..........               c - ring "Lioss" {+Blink rElec rPois MP-9 AC+3 Dex+5}
                                y - ring of Abstinence {rPois rN+ Str+4}

@: paralysed, mighty, exhausted, protected from physical damage, slowed, repel
missiles, slow, very resistant to hostile enchantments, extremely unstealthy
A: hooves 3, yellow scales 3, dopey 1, fire resistance 1, powered by pain 2,
slow regeneration 1, magic shield, magic regeneration
a: Upheaval, Elemental Force, Disaster Area, Renounce Religion, Evoke Blink
}: 1/15 runes: abyssal


You were on level 3 of the Elven Halls.
You worshipped Qazlal.
Qazlal was extremely pleased with you.
You were near starving.

You visited 4 branches of the dungeon, and saw 21 of its levels.
You visited the Abyss 1 time.
You visited 1 bazaar.
You also visited: Sewer, Ossuary and Bailey.

You collected 3437 gold pieces.
You spent 3356 gold pieces at shops.

Inventory:

Hand Weapons
 o - the +5 dagger of the Many Spirits {flame, rPois Dex+4}
   (You found it on level 6 of the Dungeon)

   It has been specially enchanted to burn those struck by it, causing extra
   injury to most foes and up to half again as much damage against particularly
   susceptible opponents.
   It affects your dexterity (+4).
   It protects you from poison.
 R - a +5 blowgun
 U - a +9 eveningstar of flaming (weapon)
Missiles
 z - 5 curare-tipped needles
Armour
 d - a +0 pair of gloves (worn)
 k - a +1 ice dragon armour (worn)
 L - the +3 hat of Pondering (worn) {ponderous, MR+ MP+10 Int+5}
   (You bought it in a shop on level 6 of the Dungeon)

   It affects your intelligence (+5).
   It affects your resistance to hostile enchantments.
   It affects your magic capacity (+10).
 T - the +1 robe of the Heavens {Regen+ Str+3 Int+2, unknown}
   (You found it on level 14 of the Dungeon)

   It affects your strength (+3).
   It affects your intelligence (+2).
   It increases your rate of regeneration.
 W - a troll hide
 Y - a +0 cloak (worn)
Jewellery
 c - the ring "Lioss" (right hand) {+Blink rElec rPois MP-9 AC+3 Dex+5}
   (You bought it in a shop on level 2 of the Orcish Mines)

   [ring of protection]

   It affects your AC (+3).
   It affects your dexterity (+5).
   It insulates you from electricity.
   It protects you from poison.
   It affects your magic capacity (-9).
   It lets you blink.
 m - the ring "Iholioh" {MP+9 Int+4}
   (You found it on level 3 of the Elven Halls)

   [ring of magical power]

   It affects your intelligence (+4).
   It affects your magic capacity (+9).
 n - a +5 amulet of reflection (around neck)
 s - an uncursed ring of ice
 y - the ring of Abstinence (left hand) {rPois rN+ Str+4}
   (You bought it in a shop on level 13 of the Dungeon)

   [ring of positive energy]

   It affects your strength (+4).
   It protects you from poison.
   It protects you from negative energy.
Wands
 a - a wand of heal wounds (2/9)
 O - a wand of paralysis (5/24)
 Q - a wand of acid (3/15)
 S - a wand of disintegration (2/24)
 Z - a wand of lightning (0/15)
Scrolls
 b - 2 scrolls of fog
 p - a scroll of holy word
 u - 3 scrolls of fear
 v - a scroll of recharging
 x - 4 scrolls of teleportation
 A - a scroll of magic mapping
 B - 5 scrolls of remove curse
 C - 4 scrolls of immolation
Potions
 h - 3 potions of might
 i - a potion of resistance
 r - a potion of curing
 E - 2 potions of cancellation
 F - a potion of lignification
 G - 2 potions of ambrosia {unknown}
 J - 2 potions of berserk rage
 M - a potion of magic
 N - a potion of brilliance
 P - 3 potions of flight
Miscellaneous
 e - a plain deck of changes {drawn: 2}
 t - a plain deck of changes {drawn: 2}
Comestibles
 f - 6 bread rations
 g - 8 royal jellies
 j - 2 chunks of flesh
 l - 7 meat rations


   Skills:
 + Level 10.5 Fighting
 * Level 13.3 Maces & Flails
   Level 3.0 Crossbows
 + Level 13.1 Armour
 + Level 9.0 Dodging
 + Level 3.8 Spellcasting
 - Level 3.0 Hexes
 * Level 5.3 Charms
 * Level 6.4 Necromancy
 + Level 14.4 Invocations


You had 9 spell levels left.
You knew the following spells:

 Your Spells              Type           Power        Failure   Level  Hunger
a - Song of Slaying       Chrm           ###.....     8%          2    ##.....
b - Repel Missiles        Chrm/Air       ##....       17%         2    ##.....
c - Apportation           Tloc           #.........   38%         1    None
d - Swiftness             Chrm/Air       ##......     17%         2    ##.....
e - Regeneration          Chrm/Necr      ###.......   12%         3    ###....
g - Spectral Weapon       Hex/Chrm       ###.....     21%         3    ###....


Dungeon Overview and Level Annotations

Branches:
Dungeon (15/15)            Temple (1/1) D:6             Orc (2/2) D:12
    Elf (3/3) Orc:2        Vaults (0/5) D:14
   Lair: D:8-11      Depths: D:15

Altars:
Ashenzari
Cheibriados
Dithmenos
Elyvilon
Fedhas
Gozag
Kikubaaqudgha
Makhleb
Nemelex Xobeh
Okawaru
Pakellas
Qazlal
Ru
Sif Muna
Vehumet
Xom
Yredelemnul
Zin
The Shining One
Beogh

Shops:
D:6 *?[(   D:9 [   D:13 *   Orc:2 =*}?

Annotations:
D:8 exclusions: downstairs and upstairs


Innate Abilities, Weirdness & Mutations

You have hooves in place of feet.
You are completely covered in yellow scales (AC +4, rCorr).
Your flesh is heat resistant.
You sometimes gain power by taking damage.
When hurt, damage is shared between your health and your magic reserves.
You regenerate magic rapidly.
You are dopey. (Int -2)
You regenerate slowly when monsters are visible.


Message History

You closely miss the deep elf blademaster.
Your kick misses the deep elf blademaster.
The deep elf blademaster is moderately wounded.
Emosil hits you with a flail of protection!
* * * LOW HITPOINT WARNING * * *
You block Emosil's attack.
Unknown command.
Unknown command.
Unknown command.
Unknown command.
Unknown command.
You feel a strong urge to attack something.
Unknown command.
Unknown command.
You are no longer berserk.
You pass out from exhaustion.
You feel yourself slow down.
You are near starving!
The deep elf blademaster hits you with a rapier!
You die...

######.## ########......
##...#'## ##.....##......
##.....## ##.......##.....
##.......###......)..#.....
#.........##.........#.....
#.........''.........#e....
#.........##.........#####
##.......###...§..§..#
#+.....#.###@§N....###
#....###)###e..§....#
#'#####..# #######).## #
#(.## #(§..# #### ##§#≈#
#.e≈# #.#§[# ####.# ..#


You could see a deep elf blademaster and Emosil the naga.

Vanquished Creatures
  2 deep elf master archers (Elf:3)
  A tentacled starspawn (Abyss:2)
  A frost giant (D:12)
  A deep elf sorcerer (Elf:3)
  Louise (D:15)
  4 deep elf elementalists (Elf:3)
  A stone giant (Orc:2)
  4 deep elf demonologists (Elf:3)
  A purple draconian (Abyss:3)
  8 deep elf annihilators (Elf:3)
  2 blizzard demons (Abyss:3)
  Snorg (Orc:2)
  3 deep elf death magi (Elf:3)
  The ghost of Vojta the Blocker, a journeyman FoAK of Lugonu (D:12)
  A vault guard (D:14)
  A deep elf high priest (Elf:3)
  Fannar (D:12)
  2 hydras
  4 dancing weapons
  A centaur warrior (D:14)
  4 ogre magi (Orc:2)
  Urug (D:12)
  5 thrashing horrors
  The ghost of zkyp the Covert, a novice HaAs of Okawaru (D:7)
  2 wretched stars (Abyss:2)
  Nergalle (D:11)
  2 deep elf knights (Elf:1)
  Sonja (D:10)
  6 unseen horrors
  An anaconda zombie (Abyss:2)
  3 deep elf archers
  6 hill giants
  A wolf spider zombie (D:12)
  A wizard (D:15)
  An orc sorcerer (Orc:1)
  8 deep elf magi
  An orc knight (Orc:2)
  2 manticores
  8 ugly things
  2 griffons
  4 cyclopes
  2 worldbinders (Abyss:3)
  A sixfirhy (Abyss:3)
  A stone giant skeleton (Abyss:3)
  A gargoyle (D:15)
  2 smoke demons
  An orange demon (Abyss:2)
  A kobold demonologist (D:12)
  A komodo dragon (D:14)
  A freezing wraith (D:15)
  An ice devil (Abyss:2)
  5 trolls
  An ancient zyme (Abyss:3)
  7 large abominations
  19 two-headed ogres
  Grinder (D:6)
  A harpy skeleton (D:14)
  6 slime creatures
  6 raiju (Abyss:3)
  A shadow (D:14)
  2 wyverns (D:11)
  2 vampires
  4 wraiths
  2 air elementals
  A ynoxinul (Abyss:2)
  A fire elemental (Elf:2)
  A water elemental (Elf:3)
  5 yaks (D:9)
  2 hungry ghosts
  2 neqoxecs (Abyss:3)
  9 small abominations
  3 hippogriffs
  A warg (Orc:2)
  2 soldier ants (D:11)
  Duvessa (D:5)
  A hell hound (Abyss:3)
  A water moccasin (D:12)
  4 ice beasts
  An eye of draining (D:12)
  25 orc warriors
  2 phantoms
  A sky beast (D:11)
  A black bear (D:11)
  3 boggarts (D:15)
  4 necrophages
  28 ogres
  4 centaurs
  3 crocodiles
  2 big kobolds
  A big kobold (shapeshifter) (D:15)
  Blork the orc (D:4)
  An earth elemental (Elf:1)
  7 giant frogs
  2 wyvern zombies
  A wyvern skeleton (D:12)
  Dowan (D:5)
  2 scorpions (D:12)
  17 killer bees
  14 wights
  4 crimson imps
  9 bog bodies (Ossuary)
  7 centaur zombies
  4 giant frog zombies
  A wasp zombie (Ossuary)
  A quasit (Abyss:3)
  7 hounds
  7 jellies
  21 orc priests
  3 centaur skeletons
  3 giant frog skeletons
  14 orc wizards
  6 iguanas
  9 worker ants
  2 hound skeletons
  A hound zombie (Ossuary)
  4 mummies
  4 worker ant zombies
  7 adders
  A river rat (Sewer)
  4 shadow imps
  An ufetubus (Abyss:2)
  5 oozes (D:8)
  An adder skeleton (D:5)
  6 giant geckos
  105 orcs
  2 ball pythons (D:1)
  4 giant cockroaches
  6 hobgoblins
  7 jackals
  3 quokkas
  3 bats (D:1)
  A giant cockroach zombie (Ossuary)
  A giant gecko zombie (Ossuary)
  A giant newt (D:4)
  3 goblins
  15 kobolds
  2 quokka zombies (Ossuary)
  3 rats
  A lurking horror (Abyss:3)
  A starspawn tentacle (Abyss:2)
616 creatures vanquished.

Vanquished Creatures (collateral kills)
  A wolf spider zombie (Abyss:2)
  An iron imp (Abyss:2)
2 creatures vanquished.

Vanquished Creatures (others)
  3 unseen horrors (Abyss:3)
  A large abomination (Abyss:3)
  3 kobolds (Bailey)
  2 lurking horrors
  7 starspawn tentacles
  87 starspawn tentacle segments
  3 withered plants (Ossuary)
106 creatures vanquished.

Grand Total: 724 creatures vanquished

Notes
Turn   | Place    | Note
--------------------------------------------------------------
     0 | D:1      | 4thArraOfDagon the Demonspawn Arcane Marksman began the quest for the Orb.
     0 | D:1      | Reached XP level 1. HP: 15/15 MP: 2/2
    46 | D:1      | Gained mutation: You are partially covered in yellow scales (AC +2). [demonic ancestry]
    46 | D:1      | Reached XP level 2. HP: 14/21 MP: 3/3
   132 | D:1      | You fall through a shaft!
   471 | D:2      | Gained mutation: You are mostly covered in yellow scales (AC +3). [demonic ancestry]
   471 | D:2      | Reached XP level 3. HP: 26/26 MP: 4/4
   528 | D:3      | Reached skill level 1 in Armour
   751 | D:5      | Entered Level 5 of the Dungeon
   751 | D:5      | Noticed a centaur
   766 | D:5      | Killed a centaur
   766 | D:5      | Gained mutation: When hurt, damage is shared between your health and your magic reserves. [demonic ancestry]
   766 | D:5      | Reached XP level 4. HP: 17/32 MP: 5/5
   852 | D:4      | Gained mutation: You have large cloven feet. [demonic ancestry]
   852 | D:4      | Reached XP level 5. HP: 23/37 MP: 6/6
   932 | D:4      | Noticed an ogre
   960 | D:4      | Killed an ogre
  1048 | D:4      | Found a glowing drain.
  1056 | Sewer    | Entered a sewer
  1180 | D:4      | Noticed Blork the orc
  1195 | D:4      | Killed Blork the orc
  1195 | D:4      | Reached skill level 5 in Armour
  1195 | D:4      | Gained mutation: You sometimes gain a little power by taking damage. [demonic ancestry]
  1195 | D:4      | Reached XP level 6. HP: 33/43 MP: 7/7
  1266 | D:4      | Learned a level 2 spell: Repel Missiles
  1392 | D:6      | WASTe
  1456 | D:6      | Found Lyowkonk's Weapon Shoppe.
  1492 | D:6      | Noticed Grinder
  1494 | D:6      | Paralysed by Grinder for 6 turns
  1533 | D:6      | Killed Grinder
  1533 | D:6      | Gained mutation: You have hoof-like feet. [demonic ancestry]
  1533 | D:6      | Reached XP level 7. HP: 45/51 MP: 8/8
  1557 | D:6      | Got a brightly glowing dagger
  1618 | D:6      | Identified the +5 dagger of the Many Spirits {flame, rPois Dex+4} (You found it on level 6 of the Dungeon)
  1634 | D:6      | Found Nocenn's Armour Shoppe.
  1667 | D:6      | Found a sand-covered staircase.
  1677 | Ossuary  | Entered an ossuary
  1929 | Ossuary  | Gained mutation: You regenerate magic rapidly. [demonic ancestry]
  1929 | Ossuary  | Reached XP level 8. HP: 45/61 MP: 6/9
  2020 | Ossuary  | Reached skill level 5 in Fighting
  2124 | D:6      | Found Ustran's Assorted Antiques.
  2128 | D:6      | Bought 2 scrolls labeled GINLECSOEDUQE for 56 gold pieces
  2128 | D:6      | 4thArraOfDagon: what
  2128 | D:6      | 4thArraOfDagon: cash?
  2128 | D:6      | BLOAX: lots of goodies?
  2128 | D:6      | 4thArraOfDagon: weapon?
  2128 | D:6      | 4thArraOfDagon: yea
  2128 | D:6      | BLOAX: what kind of goodies
  2128 | D:6      | 4thArraOfDagon: hat of pondering
  2128 | D:6      | 4thArraOfDagon: and amazing boots
  2128 | D:6      | BLOAX: oh
  2128 | D:6      | 4thArraOfDagon: with rf
  2128 | D:6      | BLOAX: definitely gold
  2128 | D:6      | 4thArraOfDagon: dex
  2128 | D:6      | 4thArraOfDagon: and int
  2130 | D:6      | 4thArraOfDagon: got another acq
  2159 | D:6      | BLOAX: acquire weapon
  2416 | D:5      | Noticed Dowan
  2417 | D:5      | Noticed Duvessa
  2421 | D:4      | Found an oddly glowing altar of Pakellas.
  2579 | D:5      | Killed Duvessa
  2585 | D:5      | Killed Dowan
  2607 | D:5      | 4thArraOfDagon: without training anything?
  2607 | D:5      | BLOAX: int+10
  2607 | D:5      | BLOAX: lol
  2607 | D:5      | BLOAX: yeah
  2607 | D:5      | BLOAX: just acquire a weapon
  2607 | D:5      | BLOAX: it'll be a weapon
  2607 | D:5      | BLOAX: and potentially one you will want to train
  2608 | D:5      | BLOAX: a sling
  2608 | D:5      | BLOAX: always
  2661 | D:6      | Bought the +0 pair of boots of the Arcane {rF+ Str+2 Int+5} for 431 gold pieces
  2661 | D:6      | Bought the +3 hat of Pondering {ponderous, MR+ MP+10 Int+5} for 222 gold pieces
  2688 | D:6      | BLOAX: clearly time to pump str :v
  2698 | D:6      | Found a staircase to the Ecumenical Temple.
  2704 | Temple   | Entered the Ecumenical Temple
  2732 | Temple   | 4thArraOfDagon: qaz time?
  2732 | Temple   | 4thArraOfDagon: or just ash
  2732 | Temple   | BLOAX: oh you're Ds
  2732 | Temple   | BLOAX: clearly just
  2732 | Temple   | BLOAX: you know
  2732 | Temple   | 4thArraOfDagon: yea
  2732 | Temple   | BLOAX: the guilty pleasure
  2732 | Temple   | BLOAX: :^)
  2732 | Temple   | 4thArraOfDagon: but he is not here
  2732 | Temple   | 4thArraOfDagon: ^_^
  2808 | Temple   | BLOAX: >taking gods in temple
  2808 | Temple   | 4thArraOfDagon: just this
  2808 | Temple   | 4thArraOfDagon: reasons to autoexplore
  2878 | D:6      | Found Meewn's Magic Scroll Shoppe.
  2897 | D:6      | Bought a scroll of enchant weapon for 82 gold pieces
  2897 | D:6      | Bought a scroll of magic mapping for 38 gold pieces
  2923 | D:6      | BLOAX: where's all that AC coming from
  2944 | D:6      | 4thArraOfDagon: ida
  2944 | D:6      | BLOAX: ah
  2944 | D:6      | 4thArraOfDagon: i like taking qaz
  2944 | D:6      | BLOAX: +5 reflection oh boy
  2944 | D:6      | 4thArraOfDagon: because of that amu
  2944 | D:6      | 4thArraOfDagon: and wreck everyhitng
  2944 | D:6      | 4thArraOfDagon: with CARPOCALYPSE
  2944 | D:6      | 4thArraOfDagon: *CARMAGEDDON
  3006 | Temple   | Became a worshipper of Qazlal Stormbringer
  3225 | D:8      | Reached skill level 1 in Invocations
  3543 | D:7      | Noticed zkyp's ghost (novice HaAs)
  3604 | D:9      | Noticed a troll
  3676 | D:8      | Reached skill level 2 in Invocations
  3676 | D:8      | Gained mutation: You sometimes gain power by taking damage. [demonic ancestry]
  3676 | D:8      | Reached XP level 9. HP: 71/71 MP: 10/10
  3712 | D:7      | Found a blossoming altar of Fedhas.
  3811 | D:10     | Entered Level 10 of the Dungeon
  3828 | D:10     | Reached skill level 3 in Invocations
  4104 | D:10     | Reached skill level 4 in Invocations
  4125 | D:10     | Reached * piety under Qazlal
  4209 | D:10     | there goes my weapon?
  4352 | D:9      | Reached skill level 5 in Invocations
  4538 | D:9      | Found Petej's Armour Emporium.
  4558 | D:9      | Found a stormy altar of Qazlal.
  4608 | D:9      | Reached skill level 6 in Invocations
  4676 | D:9      | FOOL
  4749 | D:9      | Killed a troll
  4749 | D:9      | Reached skill level 1 in Maces & Flails
  4749 | D:9      | Reached XP level 10. HP: 38/80 MP: 14/14
  4979 | D:7      | Reached skill level 7 in Invocations
  5269 | D:11     | Noticed Nergalle
  5532 | D:10     | Reached ** piety under Qazlal
  5640 | D:11     | Noticed a white ugly thing
  5653 | D:11     | Killed a white ugly thing
  5740 | D:11     | Noticed a manticore
  5888 | D:11     | Reached skill level 8 in Invocations
  5908 | D:11     | Noticed a red ugly thing
  5930 | D:11     | Killed a red ugly thing
  5930 | D:11     | Reached skill level 10 in Armour
  5938 | D:11     | Reached skill level 5 in Maces & Flails
  5939 | D:11     | BLOAX: it was insisted that more things blow in the wind
  5942 | D:11     | BLOAX: https://dl.dropboxusercontent.com/u/63152810/n/xcom/piratez/Brainer5.gif OK
  6281 | D:10     | Noticed Sonja
  6293 | D:10     | Killed Sonja
  6295 | D:10     | Gained mutation: Your flesh is heat resistant. [demonic ancestry]
  6295 | D:10     | Reached XP level 11. HP: 53/86 MP: 17/17
  6904 | D:8      | Found a sparkling altar of Nemelex Xobeh.
  6906 | D:8      | Found a shimmering altar of Xom.
  6912 | D:8      | Found a shadowy altar of Dithmenos.
  6916 | D:8      | Found a snail-covered altar of Cheibriados.
  6917 | D:8      | Found a glowing golden altar of the Shining One.
  7188 | D:11     | Reached *** piety under Qazlal
  7274 | D:11     | Reached skill level 9 in Invocations
  7532 | D:6      | Bought a scroll of brand weapon for 560 gold pieces
  7656 | D:7      | Killed zkyp's ghost
  7722 | D:7      | Found a basalt altar of Yredelemnul.
  7903 | D:11     | Killed Nergalle
  8163 | D:12     | Noticed Vojta's ghost (journeyman FoAK)
  8278 | D:12     | Noticed Urug
  8278 | D:12     | Noticed a hill giant
  8355 | D:12     | Noticed a hill giant
  8356 | D:12     | Killed a hill giant
  8360 | D:12     | Reached skill level 10 in Invocations
  8361 | D:12     | Killed a hill giant
  8395 | D:12     | Killed an unseen horror
  8422 | D:12     | Gained mutation: Your magical capacity is low (-10% MP). [mutagenic meat]
  8423 | D:12     | Gained mutation: Your flesh is very heat resistant. [mutagenic meat]
  8424 | D:12     | Gained mutation: You regenerate slowly when monsters are visible. [mutagenic meat]
  8425 | D:12     | Gained mutation: Your flesh is cold resistant. [mutagenic meat]
  8676 | D:12     | Noticed a cyan ugly thing
  8681 | D:12     | Noticed a brown ugly thing
  8695 | D:11     | Killed a cyan ugly thing
  8699 | D:11     | Gained mutation: Your spells are a little harder to cast, but a little more powerful. [mutagenic meat]
  8700 | D:11     | Gained mutation: You are resistant to hostile enchantments. [mutagenic meat]
  8770 | D:11     | BLOAX: a weapon!
  8778 | D:11     | Gained mutation: You have hooves in place of feet. [demonic ancestry]
  8778 | D:11     | Reached XP level 12. HP: 80/92 MP: 18/18
  8779 | D:11     | BLOAX: now all you need is a shield
  8779 | D:11     | BLOAX: ;-;
  8779 | D:11     | 4thArraOfDagon: there goes my boots
  8779 | D:11     | 4thArraOfDagon: now i need horns
  8780 | D:11     | BLOAX: rip
  8929 | D:12     | Reached skill level 11 in Invocations
  8935 | D:12     | Noticed a frost giant
  8995 | D:11     | Learned a level 1 spell: Apportation
  8998 | D:11     | Learned a level 2 spell: Swiftness
  9013 | D:12     | Killed a frost giant
  9294 | D:12     | Noticed Fannar
  9306 | D:12     | Killed Fannar
  9306 | D:12     | Reached skill level 10 in Maces & Flails
  9375 | D:12     | Killed Vojta's ghost
  9560 | D:12     | Reached **** piety under Qazlal
  9587 | D:12     | Found a roughly hewn altar of Beogh.
  9587 | D:12     | Found a staircase to the Orcish Mines.
  9592 | D:12     | Killed Urug
  9631 | D:12     | Reached skill level 12 in Invocations
  9667 | D:13     | Lost mutation: You are resistant to hostile enchantments. [potion of cure mutation]
  9667 | D:13     | Lost mutation: Your magical capacity is low (-10% MP). [potion of cure mutation]
  9667 | D:13     | Lost mutation: Your flesh is cold resistant. [potion of cure mutation]
  9667 | D:13     | Lost mutation: Your spells are a little harder to cast, but a little more powerful. [potion of cure mutation]
  9667 | D:13     | Lost mutation: Your flesh is very heat resistant. [potion of cure mutation]
  9668 | D:13     | Lost mutation: You regenerate slowly when monsters are visible. [potion of cure mutation]
  9669 | D:13     | MEH
  9847 | D:13     | Found a flagged portal.
  9848 | D:13     | Found Ykix Heg's General Store.
  9858 | D:13     | 4thArraOfDagon: we are not drinking
  9858 | D:13     | 4thArraOfDagon: are we
  9858 | D:13     | 4thArraOfDagon: ring of abstinence
  9858 | D:13     | BLOAX: not anymore we aren't
  9858 | D:13     | 4thArraOfDagon: rpois rn+ str4, -potion
  9864 | Bailey   | Entered a bailey
  9874 | Bailey   | DIE
  9911 | Bailey   | Found a burning altar of Makhleb.
  9924 | Bailey   | Got a dazzling quarterstaff
  9932 | Bailey   | Identified the +8 quarterstaff "Wotal" {freeze, +Blink rN+ Str+6} (You found it in a bailey)
  9950 | D:13     | Bought the ring of Abstinence {rPois rN+ Str+4} for 435 gold pieces
 10011 | D:13     | Reached XP level 13. HP: 79/98 MP: 22/22
 10026 | D:14     | Found a flickering gateway to a bazaar.
 10034 | Bazaar   | Entered a bazaar
 10034 | Bazaar   | Found Basitin's Food Shoppe.
 10034 | Bazaar   | Found Kaigasamp's Food Emporium.
 10037 | Bazaar   | Found Wair's Distillery.
 10046 | Bazaar   | Found Urosox's Antique Weapon Shoppe.
 10068 | Bazaar   | Bought a potion of resistance for 80 gold pieces
 10068 | Bazaar   | Bought a potion of might for 32 gold pieces
 10068 | Bazaar   | Bought a potion of might for 32 gold pieces
 10068 | Bazaar   | Bought 2 potions of cancellation for 128 gold pieces
 10068 | Bazaar   | Bought a potion of magic for 64 gold pieces
 10068 | Bazaar   | Bought a potion of berserk rage for 40 gold pieces
 10068 | Bazaar   | Bought a potion of haste for 80 gold pieces
 10221 | D:14     | Noticed a vault guard
 10234 | D:14     | Killed a vault guard
 10234 | D:14     | Gained mutation: You are completely covered in yellow scales (AC +4, rCorr). [demonic ancestry]
 10234 | D:14     | Reached XP level 14. HP: 81/106 MP: 23/23
 10246 | D:14     | Found a gate to the Vaults.
 10259 | D:14     | Got a slimy robe
 10410 | D:14     | Reached ***** piety under Qazlal
 10457 | D:15     | Entered Level 15 of the Dungeon
 10477 | D:15     | Noticed Louise
 10484 | D:15     | Cast into level 2 of the Abyss (Louise)
 10572 | Abyss:2  | Noticed a tentacled starspawn
 10579 | Abyss:2  | Killed a tentacled starspawn
 10658 | Abyss:2  | Reached skill level 13 in Invocations
 10677 | Abyss:2  | Noticed a starcursed mass
 10699 | Abyss:2  | Noticed a tentacled starspawn
 10758 | Abyss:2  | Noticed a bone dragon
 10766 | Abyss:3  | Found a corrupted altar of Lugonu.
 10794 | Abyss:3  | Noticed a tentacled starspawn
 10801 | Abyss:3  | Noticed a green draconian monk
 10817 | Abyss:3  | BLOAX: lol rip
 10819 | Abyss:3  | Noticed a red very ugly thing
 10825 | Abyss:3  | BLOAX: it's habbening!!
 10826 | Abyss:3  | Noticed a bone dragon
 10827 | Abyss:3  | Got an abyssal rune of Zot
 10831 | Abyss:3  | BLOAX: needs more teleport
 11032 | Abyss:3  | Gained mutation: You are dopey. (Int -2) [a neqoxec]
 11037 | Abyss:3  | Gained mutation: You regenerate slowly when monsters are visible. [a neqoxec]
 11056 | Abyss:3  | Learned a level 3 spell: Static Discharge
 11065 | Abyss:3  | Noticed a tentacled starspawn
 11079 | D:15     | Escaped the Abyss
 11133 | D:15     | Killed Louise
 11139 | D:15     | BLOAX: !!!
 11142 | D:15     | BLOAX: large shield get
 11157 | D:15     | BLOAX: time to immediately put it on
 11162 | D:15     | Learned a level 4 spell: Cause Fear
 11171 | D:15     | Learned a level 3 spell: Regeneration
 11310 | D:15     | Reached skill level 1 in Charms
 11387 | D:15     | Reached skill level 1 in Necromancy
 11387 | D:15     | Reached XP level 15. HP: 110/115 MP: 25/25
 11649 | Orc:1    | Entered Level 1 of the Orcish Mines
 11653 | Orc:1    | Found a roughly hewn altar of Beogh.
 11704 | Orc:1    | Reached skill level 10 in Fighting
 11720 | Orc:1    | Learned a level 3 spell: Spectral Weapon
 11889 | Orc:2    | Entered Level 2 of the Orcish Mines
 11892 | Orc:2    | Noticed Snorg
 11902 | Orc:2    | Killed Snorg
 12060 | Orc:2    | Found a staircase to the Elven Halls.
 12538 | Orc:2    | Found Jeomofuy's Gadget Shop.
 12538 | Orc:2    | Found Deemig's Magic Scroll Shoppe.
 12539 | Orc:2    | Found Guxeirph's General Store.
 12539 | Orc:2    | Found Weriem's Jewellery Emporium.
 12551 | Orc:2    | Bought a scroll of enchant weapon for 82 gold pieces
 12551 | Orc:2    | Bought a scroll of enchant weapon for 82 gold pieces
 12551 | Orc:2    | Bought a scroll of magic mapping for 38 gold pieces
 12551 | Orc:2    | Bought a scroll of teleportation for 33 gold pieces
 12558 | Orc:2    | Bought the ring "Lioss" {+Blink rElec rPois MP-9 AC+3 Dex+5} for 737 gold pieces
 12572 | Orc:2    | Bought a scroll of recharging for 104 gold pieces
 12627 | Elf:1    | Entered Level 1 of the Elven Halls
 12673 | Elf:1    | Learned a level 2 spell: Song of Slaying
 12708 | Elf:1    | Reached ****** piety under Qazlal
 12708 | Elf:1    | Reached skill level 14 in Invocations
 12867 | Elf:3    | Entered Level 3 of the Elven Halls
 12869 | Elf:3    | Got a bound pewter ring
 12874 | Elf:3    | Identified the ring "Iholioh" {MP+9 Int+4} (You found it on level 3 of the Elven Halls)
 12923 | Elf:3    | Noticed a deep elf sorcerer
 12959 | Elf:3    | Killed a deep elf sorcerer
 13032 | Elf:3    | Reached skill level 5 in Necromancy
 13041 | Elf:3    | Noticed a deep elf master archer
 13045 | Elf:3    | Killed a deep elf master archer
 13071 | Elf:3    | Reached XP level 16. HP: 79/123 MP: 15/26
 13072 | Elf:3    | Noticed a deep elf master archer
 13074 | Elf:3    | Killed a deep elf master archer
 13074 | Elf:3    | Reached skill level 5 in Charms
 13079 | Elf:3    | Noticed an Ice Fiend
 13083 | Elf:3    | Noticed a deep elf blademaster
 13097 | Elf:3    | Mangled by a deep elf blademaster

Vault maps used:
D:1:      lightli_arrival_boilingwater, nrook_mini_backslash,
          minmay_misc_feat_cross, fountainhead
D:2:      lemuel_round_altar, minmay_quantized
D:3:      kennysheep_big_empty_room
D:4:      lightli_sewer_entry_pipes, grunt_pakellas_mercury, uniq_blork_the_orc
D:5:      first_bread, nemelex_deck, uniq_duvessa
D:6:      minmay_temple_entry_fiery, gup_ossuary_entry_pyramid, serial_shops,
          nicolae_shop_trees, nicolae_shop_trees, shop, kennysheep_mini,
          uniq_grinder
D:7:      nicolae_overflow_hidden_temple, lemuel_coloured_pillars_altar,
          uniq_pikel
D:8:      minitemple, hangedman_little_slice_of_home, st_stairs_11
D:9:      serial_shops, nicolae_shop_stone, serial_co_window_serial,
          co_window_paths_b, co_window_paths_a, co_window_of_opportunity_a,
          co_window_paths_a, co_window_of_opportunity_a, co_window_cross_1,
          co_window_paths_a, co_window_paths_a, co_window_corner_a,
          co_window_of_opportunity_c, co_window_broadway_a, co_window_corner_b,
          co_window_paths_d, glass_columns_a, glass_columns_c, glass_columns_a,
          nicolae_qazlal_style_of_elements
D:10:     uniq_sonja
D:11:     minmay_goldmine, lair_0_dummy, uniq_nergalle
D:12:     minmay_connected_boxes_in_corner, david_orc_5,
          minmay_misc_feat_secret_circle, uniq_fannar, uniq_urug
D:13:     serial_shops, shop, enter_bailey_2
D:14:     david_vaults_5, serial_shops, bzr_entry_islet
D:15:     grunt_enter_depths_magical_seal, uniq_louise
Temple:   triangle_lava_temple_12
Orc:1:    basic_altar, minmay_orc_keep
Orc:2:    st_orc_ogre_mass, minmay_orc_barracks, uniq_snorg
Elf:1:    kennysheep_room_grid, hangedman_elven_crosses_minicolossus,
          bh_hangedman_babel_library
Elf:2:    serial_shops, shop
Elf:3:    grunt_elf_hall_diamonds, minmay_misc_feat_five
Abyss:2:  minivault_1
Abyss:3:  kb_abyss_rune_zappy
Bazaar:   bazaar_minmay_row
Sewer:    sewer_sea
Ossuary:  ossuary_zaba_flooded
Bailey:   bailey_axe_3, bailey

Skill      XL: |  1  2  3  4  5  6  7  8  9 10 11 12 13 14 15 16 |
---------------+-------------------------------------------------+-----
Crossbows      | 2 3 |  3.0
Armour         | 3 5 6 8 9 10 11 12 13 | 13.1
Fighting       | 2 4 6 8 9 10 | 10.5
Invocations    | 2 6 8 10 12 13 14 | 14.4
Maces & Flails | 1 5 8 10 11 12 13 | 13.3
Dodging        | 6 8 9 |  9.0
Charms         | 1 4 5 |  5.3
Necromancy     | 1 5 6 |  6.4
Spellcasting   | 3 |  3.8
Hexes          | |  3.0

Action                   |  1- 3 |  4- 6 |  7- 9 | 10-12 | 13-15 | 16-18 || total
-------------------------+-------+-------+-------+-------+-------+-------++-------
Melee: Short sword       |    35 |    44 |       |       |       |       ||    79
       Trident           |       |    49 |    13 |       |       |       ||    62
       Dagger            |       |       |   659 |    47 |       |       ||   706
       Flail             |       |       |     6 |       |       |       ||     6
       Morningstar       |       |       |       |   335 |       |       ||   335
       Eveningstar       |       |       |       |   369 |   753 |    10 ||  1132
 Fire: Hand crossbow     |    63 |    17 |       |       |       |       ||    80
       Blowgun           |     4 |    14 |       |       |       |       ||    18
Throw: Throwing net      |       |       |       |       |     1 |       ||     1
 Cast: Repel Missiles    |       |     1 |       |     1 |       |       ||     2
       Regeneration      |       |       |       |       |    11 |       ||    11
Invok: Upheaval          |       |       |       |     8 |     4 |     5 ||    17
       Elemental Force   |       |       |       |       |     2 |       ||     2
       Disaster Area     |       |       |       |       |     2 |       ||     2
Evoke: Wand              |       |       |    11 |    12 |    18 |       ||    41
       Deck              |       |       |       |       |     2 |     2 ||     4
  Use: Scroll            |       |     5 |     7 |    18 |    17 |       ||    47
       Potion            |       |     3 |     2 |     6 |    11 |       ||    22
 Stab: Confused          |       |       |     6 |     1 |       |       ||     7
  Eat: Chunk             |       |     2 |     6 |    25 |     6 |       ||    39
       Fruit             |       |       |     3 |       |     8 |       ||    11
       Beef jerky        |       |       |     2 |       |     1 |       ||     3
       Royal jelly       |       |       |     1 |     1 |       |       ||     2
